 Dungeon Crawl Stone Soup version bcrawl-1.34.4 (webtiles) character file.

Game seed: 6651429269919124864

371078 KristoblXynda the Slicer (level 11, -4/75 HPs)
             Began as a Kobold Gladiator on Oct 28, 2021.
             Was a High Priest of Okawaru.
             Slain by Harold
             ... wielding a +0 trident of flaming
              (5 damage)
             ... on level 10 of the Dungeon on Oct 29, 2021.
             The game lasted 00:20:57 (9465 turns).

KristoblXynda the Slicer (Kobold Gladiator)         Turns: 9465, Time: 00:20:58

Health: -4/75      AC:  9    Str: 15    XL:     11   Next: 73%
Magic:  11/11      EV: 23    Int: 10    God:    Okawaru [*****.]
Gold:   546        SH: 10    Dex: 21    Spells: 10/10 levels left

rFire    . . .     SeeInvis .   b - +1 short sword (venom)
rCold    . . .     Gourm    .   k - +2 buckler
rNeg     . . .     Faith    .   x - +1 troll leather armour
rPois    +         Spirit   .   c - +0 helmet
rElec    .         Reflect  .   (no cloak)
rCorr    .         Harm     .   z - +1 pair of gloves {archery}
MR       .....                  (no boots)
Stlth    +++++.....             j - amulet of the acrobat
HPRegen  0.62/turn              H - +5 ring of dexterity
MPRegen  0.12/turn              A - ring of poison resistance

@: no status effects
A: small, talons 1, carnivore, mutation resistance 1, sense surroundings 2
a: Heroism, Finesse, Renounce Religion


You were on level 10 of the Dungeon.
You worshipped Okawaru.
Okawaru was extremely pleased with you.
You were completely stuffed.

You visited 2 branches of the dungeon, and saw 11 of its levels.

You collected 780 gold pieces.
You spent 234 gold pieces at shops.

Inventory:

Hand Weapons
 b - a +1 short sword of venom (weapon)
Missiles
 d - 4 throwing nets (quivered) {=f}
Armour
 c - a +0 helmet (worn)
 k - a +2 buckler (worn)
 x - a +1 troll leather armour (worn)
 z - a +1 pair of gloves of archery (worn)
Jewellery
 h - an uncursed ring of resist corrosion
 j - an amulet of the acrobat (around neck)
 n - the ring of Mysurph {Fire Str+3}
   (You found it on level 2 of the Dungeon)

   [ring of fire]

   It enhances your fire magic.
   It affects your strength (+3).
   It protects you from fire.
   It makes you vulnerable to cold.
 A - a ring of poison resistance (right hand)
 C - an uncursed ring of flight
 H - a +5 ring of dexterity (left hand)
 I - a +7 ring of intelligence
 K - an uncursed ring of see invisible
Wands
 B - a wand of acid (7)
 G - a wand of digging (13)
 L - a wand of disintegration (8)
Scrolls
 a - a scroll of fog
 l - a scroll of fear
 s - 4 scrolls of remove curse
 t - a scroll of amnesia
 u - 2 scrolls of blinking
 w - a scroll of enchant armour
 y - 4 scrolls of teleportation
Potions
 f - 5 potions of heal wounds
 g - a potion of mutation {unknown}
 m - 2 potions of cancellation {unknown}
 o - 3 potions of brilliance
 q - 2 potions of agility
 r - 3 potions of curing
 v - a potion of ambrosia {unknown}
 D - a potion of lignification {unknown}
 E - 3 potions of haste
 F - a potion of invisibility
 J - a potion of degeneration {unknown}
Comestibles
 e - 23 rations {!d}
 i - 4 chunks of flesh


   Skills:
 + Level 7.6 Fighting
 + Level 11.1 Short Blades
 - Level 3.1 Throwing
 - Level 7.3 Armour
 + Level 10.2 Dodging
 + Level 11.0 Stealth
 - Level 5.2 Shields


You had 10 spell levels left.
You didn't know any spells.
Your spell library contained the following spells:

 Spells                   Type           Power        Failure   Level  Hunger
 Magic Dart               Conj           #...         73%         1    None
 Searing Ray              Conj           #.......     86%         2    ####...
 Iskenderun's Mystic Bla  Conj           #.......     97%         3    #####..
 Fulminant Prism          Conj/Hex       #.........   100%        4    ######.
 Irradiate                Conj/Tmut      #.........   100%        5    #######


Dungeon Overview and Level Annotations

Branches:
Dungeon (10/12)            Temple (1/1) D:4            Lair (0/6) D:7
    Orc (0/1) D:9

Altars:
Ashenzari
Cheibriados
Dithmenos
Elyvilon
Fedhas
Gozag
Hepliaklqana
Kikubaaqudgha
Lugonu
Makhleb
Nemelex Xobeh
Okawaru
Qazlal
Ru
Sif Muna
Trog
Uskayaw
Vehumet
Wu Jian
Xom
Yredelemnul
Zin
The Shining One

Shops:
D:5 }:[((   D:7 *   D:8 =

Annotations:
D:7 exclusion: statue
D:10 Harold


Innate Abilities, Weirdness & Mutations

You are small and have problems with some larger weapons.
You have sharp toenails.
You are carnivorous and can eat meat at any time.
You are somewhat resistant to further mutation.
You passively map the area around you.


Message History

You struggle against the net.
The orc shouts!
You hear a shout! x2
The phantom misses you. The yak gores you but does no damage.
The orc hits you with a +0 war axe.
You struggle against the net.
The phantom barely misses you. The yak closely misses you.
An orc priest comes into view.
It is wielding a +1 dagger of holy wrath.
The orc warrior closely misses you. The orc hits you with a +0 war axe.
You rip the net and break free!
An orc comes into view. It is wielding a +0 hand axe.
The phantom closely misses you. The orc misses you. You block the yak's attack.
Harold misses you.
The orc warrior hits you with a +0 scimitar!
The phantom blinks!
The yak gores you!
* * * LOW HITPOINT WARNING * * *
You block the orc's attack.
Harold hits you from afar with a +0 trident of flaming!
* * * LOW HITPOINT WARNING * * *
Harold burns you.
You die...

* , , , , , , ,
,..........W... ,
, , ...........o.
, , , ,,
,............# * *
............# ,
,,,,
....$.......#####
* , ,
,.................
, ,
......§oo.%......,
, >
......^@Yo..o....
,, * *
####....o........,
#...@........., ,
,, *
#............. , ,
................ ,
,, ,
.................
, ,
,.............####
* , ,
.............# ,
,.............#


You could see Harold, a yak, a phantom, an orc warrior, an orc priest
(wandering) and 4 orcs.

Vanquished Creatures
  A manticore (D:9)
  An elephant (D:7)
  2 rust devils (D:6)
  A centaur zombie (D:9)
  A tengu conjurer (D:9)
  2 trolls
  3 hippogriffs
  11 yaks
  Grum (D:8)
  A hungry ghost (D:6)
  An ice beast (D:7)
  A necrophage (D:9)
  A phantom (D:5)
  8 orc warriors
  2 sky beasts
  3 ogres
  4 wolves
  2 centaurs
  7 bullfrogs
  2 gnoll sergeants
  A water moccasin skeleton (D:5)
  4 scorpions
  4 wights (D:8)
  2 howler monkeys
  4 orc priests
  4 crimson imps
  A bullfrog zombie (D:7)
  2 hounds
  2 bullfrog skeletons
  2 centaur skeletons
  A jelly (D:6)
  3 orc wizards
  5 iguanas
  8 worker ants
  Terence (D:2)
  A hound zombie (D:5)
  A hound skeleton (D:9)
  10 gnolls
  14 adders
  2 shadow imps
  2 oozes
  4 adder skeletons
  An adder zombie (D:7)
  3 worms
  3 dart slugs
  5 leopard geckos
  36 orcs
  5 giant cockroaches
  7 goblins
  8 hobgoblins
  15 jackals
  2 quokkas
  6 bats
  3 frilled lizards (D:1)
  5 kobolds
  4 rats
236 creatures vanquished.

Vanquished Creatures (others)
  An orc (D:6)
1 creature vanquished.

Grand Total: 237 creatures vanquished

Notes
Turn   | Place    | Note
-------+----------+-------------------------------------------
     0 | D:1      | KristoblXynda the Kobold Gladiator began the quest for the
                  | Orb.
     0 | D:1      | Reached XP level 1. HP: 16/16 MP: 1/1
    74 | D:1      | Reached XP level 2. HP: 19/21 MP: 2/2
   338 | D:1      | Reached XP level 3. HP: 26/26 MP: 3/3
   507 | D:1      | Reached skill level 1 in Stealth
   799 | D:2      | Reached XP level 4. HP: 27/33 MP: 4/4
   880 | D:2      | Got a translucent lead ring
  1018 | D:2      | Reached skill level 1 in Armour
  1277 | D:2      | Reached XP level 5. HP: 27/37 MP: 5/5
  1430 | D:2      | Found a sacrificial altar of Ru.
  1571 | D:2      | Found a faded altar of an unknown god.
  1685 | D:2      | Noticed Terence
  1692 | D:2      | Killed Terence
  1702 | D:2      | Found a hide-covered altar of Uskayaw.
  1872 | D:3      | Reached skill level 5 in Short Blades
  1888 | D:3      | Found a basalt altar of Yredelemnul.
  1952 | D:3      | Reached XP level 6. HP: 43/43 MP: 6/6
  2607 | D:4      | Identified the ring of Mysurph {Fire Str+3} (You found it
                  | on level 2 of the Dungeon)
  2648 | D:4      | Reached skill level 5 in Dodging
  2674 | D:4      | Reached XP level 7. HP: 49/49 MP: 7/7
  2676 | D:4      | Found a staircase to the Ecumenical Temple.
  2690 | Temple   | Entered the Ecumenical Temple
  2762 | Temple   | Became a worshipper of Warmaster Okawaru
  3398 | D:4      | Reached * piety under Okawaru
  3399 | D:4      | Reached skill level 5 in Fighting
  3596 | D:5      | Entered Level 5 of the Dungeon
  3596 | D:5      | Found Zaonum's Book Shoppe.
  3662 | D:5      | Reached XP level 8. HP: 55/55 MP: 8/8
  3688 | D:5      | Reached skill level 5 in Stealth
  3790 | D:5      | Noticed a yak
  3797 | D:5      | Killed a yak
  4010 | D:5      | Found Ograinym's Armour Boutique.
  4060 | D:5      | Bought a +0 pair of gloves of archery for 149 gold pieces
  4066 | D:5      | Found Yceisybefe's Weapon Emporium.
  4137 | D:5      | Reached ** piety under Okawaru
  4269 | D:5      | Found Geex's Antique Weapon Shop.
  4579 | D:5      | Reached XP level 9. HP: 62/62 MP: 9/9
  4659 | D:5      | Found Oneummou's Gadget Shop.
  4792 | D:6      | Reached skill level 1 in Shields
  4895 | D:6      | Found an opulent altar of Gozag.
  4897 | D:6      | Found a sparkling altar of Nemelex Xobeh.
  5041 | D:5      | Noticed a rust devil
  5041 | D:5      | Noticed a rust devil
  5070 | D:6      | Killed a rust devil
  5070 | D:6      | Reached *** piety under Okawaru
  5071 | D:6      | Reached skill level 5 in Armour
  5177 | D:6      | Killed a rust devil
  5422 | D:5      | Reached XP level 10. HP: 48/68 MP: 10/10
  5564 | D:6      | Reached **** piety under Okawaru
  5980 | D:7      | Found Muhisaun's General Store.
  6019 | D:7      | Found a staircase to the Lair.
  6019 | D:7      | Noticed an elephant
  6041 | D:7      | Killed an elephant
  6278 | D:7      | Bought a scroll of teleportation for 36 gold pieces
  6322 | D:7      | Found a burning altar of Makhleb.
  6588 | D:7      | Found a blossoming altar of Fedhas.
  6783 | D:7      | Found a corrupted altar of Lugonu.
  6914 | D:7      | Noticed a dryad
  7209 | D:8      | Noticed Grum
  7264 | D:8      | Reached skill level 5 in Shields
  7271 | D:8      | Reached ***** piety under Okawaru
  7363 | D:8      | HP: 3/68 [disintegration (6)]
  7571 | D:8      | Killed Grum
  7659 | D:8      | Reached skill level 10 in Short Blades
  7811 | D:8      | Found a glowing golden altar of the Shining One.
  7854 | D:8      | Reached XP level 11. HP: 72/72 MP: 11/11
  7892 | D:8      | Reached skill level 10 in Stealth
  8146 | D:8      | Found Logegh's Jewellery Emporium.
  8167 | D:8      | Bought a cursed ring of attention for 49 gold pieces
  8681 | D:9      | Found a glowing silver altar of Zin.
  8761 | D:9      | Noticed a manticore
  8763 | D:9      | Killed a manticore
  8895 | D:9      | Found a staircase to the Orcish Mines.
  8970 | D:9      | Received a gift from Okawaru
  9070 | D:9      | Reached skill level 10 in Dodging
  9400 | D:10     | Entered Level 10 of the Dungeon
  9402 | D:10     | Noticed Harold
  9465 | D:10     | HP: 1/75 [Harold/+0 trident of flaming (15)]
  9465 | D:10     | Slain by Harold

Skill      XL: |  1  2  3  4  5  6  7  8  9 10 11 |
---------------+----------------------------------+-----
Throwing       | 3 |  3.1
Dodging        | 4 5 6 8 9 10 | 10.2
Stealth        | 1 2 3 4 6 8 9 11 | 11.0
Armour         | 1 2 3 4 5 6 7 |  7.3
Fighting       | 4 5 6 7 |  7.6
Short Blades   | 5 6 7 8 10 11 | 11.1
Shields        | 3 5 |  5.2

Action                   |  1- 3 |  4- 6 |  7- 9 | 10-12 || total
-------------------------+-------+-------+-------+-------++-------
Melee: Rapier            |    27 |       |       |       ||    27
       Kick              |    28 |    42 |   104 |   253 ||   427
       Short sword       |    60 |   142 |   296 |   587 ||  1085
Throw: Throwing net      |       |       |     1 |       ||     1
  Use: Scroll            |       |     2 |     1 |    18 ||    21
 Stab: Sleeping          |     1 |     3 |     6 |    16 ||    26
       Held in net/web   |       |       |     2 |       ||     2
  Eat: Chunk             |     9 |     8 |    17 |    29 ||    63
Armor: Leather armour    |     1 |       |       |       ||     1
       Ring mail         |    17 |    27 |    47 |    49 ||   140
       Troll leather arm |       |       |       |     7 ||     7
Dodge: Dodged            |    56 |    78 |   229 |   320 ||   683
Block: Buckler           |       |       |     3 |   219 ||   222
